 Dungeon Crawl Stone Soup version 0.31.0-1-g2c135a008e (webtiles) character file.

Game seed: 6769258381210423158

170 qw the Shooter (level 5, -1/40 HPs)
             Began as a Djinni Hunter on Jan 23, 2024.
             Slain by Sigmund
             ... wielding a +0 scythe
              (10 damage)
             ... on level 4 of the Dungeon.
             The game lasted 00:00:08 (1763 turns).

qw the Shooter (Djinni Hunter)                      Turns: 1763, Time: 00:00:08

Health: -1/40      AC:  6    Str: 10    XL:     5   Next: 80%
Gold:   146        EV: 12    Int: 10    God:
                   SH:  0    Dex: 25

rFire   + + .        a - +0 shortbow (flame)
rCold   x . .        (shield currently unavailable)
rNeg    . . .        e - +0 ring mail
rPois   inf          (no helmet)
rElec   .            (no cloak)
rCorr   .            f - +0 pair of gloves
SInv    .            (boots unavailable)
Will    .....        (no amulet) Stlth
                     g - +6 ring of dexterity
HPRegen 0.26/turn    (no ring)
MPRegen 0.00/turn

%: infuse magic (-2 HP)
@: confused, flying
A: sickness immunity, fire resistance 2, cold vulnerability 1, float, innate
caster, HP casting, extra vitality 1
a: no special abilities


You were on level 4 of the Dungeon.
You visited 1 branch of the dungeon, and saw 4 of its levels.

You collected 146 gold pieces.


Innate Abilities, Weirdness & Mutations

You are immune to sickness and miasma.
You are immune to poison.
Your flesh is very heat resistant. (rF++)
You are vulnerable to cold. (rC-)
You float through the air rather than walking.
You learn spells naturally, not from books.
Your magical power is your life essence.
You have superior vitality. (+4 MHP)


   Skills:
 - Level 3.0 Fighting
 + Level 4.6 Ranged Weapons
 - Level 1.4 Armour
 - Level 3.0 Dodging
 - Level 0.7 Stealth


You knew the following spells:

 Your Spells              Type           Power      Damage    Failure   Level
a - Kiss of Death         Conj/Necr      0%         2d5       67%         1
b - Call Imp              Summ           0%         N/A       82%         2
Your spell library was empty.

Inventory:

Hand Weapons
 a - a +0 shortbow of flaming (weapon)
Armour
 e - a +0 ring mail (worn)
 f - a +0 pair of gloves (worn)
Jewellery
 g - a +6 ring of dexterity (left hand)
Scrolls
 c - a scroll of identify
Potions
 b - a potion of resistance
 d - 3 potions of curing

Dungeon Overview and Level Annotations

Branches:
Dungeon (4/15)
 Temple: D:4-7

Altars:
Gozag
Uskayaw

Annotations:
D:4 Sigmund


Message History

You kill the quokka!
You see here a quokka corpse.
Sigmund the Dreaded comes into view.
He is wielding a +0 scythe.
Sigmund shouts!
You shoot an arrow. The arrow hits Sigmund!
The arrow burns Sigmund.
Sigmund is moderately wounded.
You shoot an arrow. The arrow closely misses Sigmund.
You shoot an arrow. The arrow closely misses Sigmund.
You shoot an arrow. The arrow hits Sigmund!
The arrow burns Sigmund.
Sigmund is severely wounded.
Sigmund barely misses you.
You shoot an arrow. The arrow hits Sigmund.
The arrow burns Sigmund.
Sigmund is severely wounded.
Sigmund mumbles some strange words.
Sigmund flickers and vanishes!
Deactivating autopickup; reactivate with Ctrl-A.
You shoot an arrow. Something hits you.
You shoot an arrow. Something hits you!
You shoot an arrow. Something hits you.
You shoot an arrow. Something hits you but does no damage.
You shoot an arrow. You shoot an arrow.
You hear some strange, mumbled words.
You are confused.
You hear some strange, mumbled words.
You are more confused.
You shoot an arrow. Something barely misses you.
You shoot an arrow. Something hits you!
You shoot an arrow. You shoot an arrow. Something hits you!
You shoot an arrow. Something hits you!
You die...

#......# #........
#......### #.......#
#........## #.......#
#.....<...###........
#.....%.......#......
#.................#
#####...####....#...
....#.#####%..#...
.......#...@........
.....................
............{..#.....
#######..............
..........%.....
...........#....
...#......#.....
###.......#....


There were no monsters in sight!

Vanquished Creatures
  A hound (D:4)
  Jessica (D:3)
  6 adders
  A gnoll (D:1)
  A dart slug (D:1)
  5 orcs (D:3)
  An endoplasm (D:2)
  3 giant cockroaches (D:2)
  2 goblins
  3 hobgoblins
  2 jackals (D:1)
  3 quokkas
  6 ball pythons
  8 bats
  3 frilled lizards
  4 kobolds
  2 rats
52 creatures vanquished.

Notes
Turn   | Place    | Note
-------+----------+-------------------------------------------
     0 | D:1      | qw the Djinni Hunter began the quest for the Orb.
     0 | D:1      | Reached XP level 1. HP: 18/18 MP: 0/0
     0 | D:1      | 0 ||| qw: Version: 0.3-a-135-gb77e89d
     0 | D:1      | 0 ||| qw: Game counter: 937
     0 | D:1      | 0 ||| qw: Melee chars always use a shield: true
     0 | D:1      | 0 ||| qw: God list: Okawaru
     0 | D:1      | 0 ||| qw: Allow faded altars: false
     0 | D:1      | 0 ||| qw: Do Orc after clearing Dungeon:15 true
     0 | D:1      | 0 ||| qw: Do second Lair branch before Depths: true
     0 | D:1      | 0 ||| qw: Lair rune preference: random
     0 | D:1      | 0 ||| qw: Goals: Normal
     0 | D:1      | 0 ||| PLANNING D:1-11
   176 | D:1      | Reached XP level 2. HP: 14/23 MP: 0/0
   360 | D:1      | Reached XP level 3. HP: 28/28 MP: 0/0
   360 | D:1      | Learned a level 1 spell: Kiss of Death
   375 | D:1      | Reached skill level 4 in Ranged Weapons
   608 | D:1      | 608 ||| UPGRADING to +6 ring of dexterity.
   609 | D:1      | 609 ||| READING scroll labelled OJOEQOFF QOQAGG.
   610 | D:1      | 610 ||| READING scroll labelled POXKIAZXIN.
   610 | D:1      | 610 ||| IDENTIFYING sedimented emerald potion
   611 | D:1      | 611 ||| READING scroll labelled HOLUHU BAVEOLL.
   611 | D:1      | 611 ||| BRANDING +0 shortbow.
   612 | D:1      | 612 ||| READING scroll labelled NIURU ZYABEUWI.
   713 | D:1      | 713 ||| READING scroll labelled AHICUS NOAJE.
   714 | D:1      | 714 ||| READING scroll labelled GIONUXK WYNA.
   717 | D:1      | 717 ||| DROPPING scroll of butterflies.
   718 | D:1      | 718 ||| DROPPING potion of brilliance.
   785 | D:2      | Reached skill level 3 in Dodging
   848 | D:2      | Reached XP level 4. HP: 33/33 MP: 0/0
   995 | D:2      | Found a faded altar of an unknown god.
  1147 | D:2      | 1147 ||| UPGRADING to +0 ring mail.
  1157 | D:2      | 1157 ||| DROPPING +0 leather armour.
  1158 | D:2      | 1158 ||| UPGRADING to +0 pair of gloves.
  1163 | D:2      | 1163 ||| READING scroll labelled VORINA KEOGEUM.
  1186 | D:3      | Identified the +1 plate armour of the Hills {+Blink +Inv
                  | Str-4}
  1197 | D:3      | Noticed Jessica
  1205 | D:3      | Killed Jessica
  1206 | D:3      | Reached skill level 1 in Armour
  1233 | D:3      | Reached XP level 5. HP: 40/40 MP: 0/0
  1233 | D:3      | Learned a level 2 spell: Call Imp
  1238 | D:3      | Reached skill level 3 in Fighting
  1276 | D:3      | Found a hide-covered altar of Uskayaw.
  1296 | D:3      | Found an opulent altar of Gozag.
  1721 | D:3      | 1721 ||| READING 3 scrolls of identify.
  1721 | D:3      | 1721 ||| IDENTIFYING purple potion
  1722 | D:3      | 1722 ||| READING 2 scrolls of identify.
  1722 | D:3      | 1722 ||| IDENTIFYING 3 fizzy red potions
  1747 | D:4      | Noticed Sigmund
  1762 | D:4      | HP: 9/40 [something (9)]
  1763 | D:4      | Slain by Sigmund

Levels and vault maps discovered:
D:1:      tarquinn_simple_flora_water_f, layout_loops_cross, moated_statue,
          hangedman_abyss_or_decor_lesser_grid, minmay_stone_trees_small
D:2:      layout_rooms, ebering_ecumenical_altar_box, reono_crystal_passage,
          kennysheep_cluttered_room
D:3:      layout_basic, mainiacjoe_overflow_catwalk_spiral, uniq_jessica
D:4:      layout_rooms, nicolae_half_adder, uniq_sigmund, uniq_edmund

Skill      XL: |  1  2  3  4  5 |
---------------+----------------+-----
Ranged Weapons | 4 |  4.6
Dodging        | 3 |  3.0
Armour         | 1 |  1.4
Fighting       | 3 |  3.0
Stealth        | |  0.7

Action                     |  1- 3 |  4- 6 || total
---------------------------+-------+-------++-------
   Fire: Shortbow          |    51 |    80 ||   131
    Use: Scroll            |     6 |     3 ||     9
 Armour: Leather armour    |    12 |       ||    12
         Ring mail         |       |     9 ||     9
  Dodge: Dodged            |     9 |     9 ||    18

Table legend:
 A = Non-vault XP
 B = Vault XP
 C = Vault XP percentage of total XP
 D = Non-vault monster count
 E = Vault monster count
 F = Vault count percentage of total count
                 A         B        C        D         E       F
            +---------+---------+-------+---------+---------+-------
      Total |     207 |      37 |  15.2 |      51 |       1 |   1.9
            +---------+---------+-------+---------+---------+-------
        D:1 |      36 |       0 |   0.0 |      16 |       0 |   0.0
        D:2 |      62 |       0 |   0.0 |      17 |       0 |   0.0
        D:3 |      65 |      37 |  36.3 |      15 |       1 |   6.2
        D:4 |      44 |       0 |   0.0 |       3 |       0 |   0.0
            +---------+---------+-------+---------+---------+-------
